 Dungeon Crawl Stone Soup version 0.29-a0-824-gd827844252 (webtiles) character file.

Game seed: 16851747572830668518

514 Demosthentine the Ducker (level 7, -4/55 HPs)
             Began as a Merfolk Gladiator on July 11, 2022.
             Slain by Eustachio
             ... wielding a +7 falchion of protection
              (5 damage)
             ... on level 4 of the Dungeon.
             The game lasted 00:03:49 (4164 turns).

Demosthentine the Ducker (Merfolk Gladiator)        Turns: 4164, Time: 00:03:50

Health: -4/55      AC:  6    Str: 17    XL:     7   Next: 20%
Magic:  7/7        EV: 14    Int:  7    God:
Gold:   160        SH:  0    Dex: 15    Spells: 6/6 levels left

rFire   . . .      SeeInvis .   i - +0 trident
rCold   . . .      Faith    .   (no shield)
rNeg    . . .      Spirit   .   b - +0 leather armour
rPois   .          Reflect  .   c - +0 helmet
rElec   .          Harm     .   k - +0 cloak
rCorr   .          Rampage  .   (no gloves)
Will    .....                   f - +0 pair of boots
Stlth   +.........              (no amulet)
HPRegen 0.18/turn               (no ring)
MPRegen 0.10/turn               (no ring)

@: mighty
A: (nimble swimmer 2), mertail
a: no special abilities


You were on level 4 of the Dungeon.
You visited 1 branch of the dungeon, and saw 4 of its levels.

You collected 160 gold pieces.

Inventory:

Hand Weapons
 i - a +0 trident (weapon)
Missiles
 d - 3 throwing nets (quivered)
Armour
 b - a +0 leather armour (worn)
 c - a +0 helmet (worn)
 f - a +0 pair of boots (worn)
 k - a +0 cloak (worn)
Scrolls
 a - a scroll of identify
 h - a scroll of teleportation
Potions
 g - 2 potions of brilliance
 j - a potion of mutation
 n - a potion of heal wounds
 o - 3 potions of might
 p - a potion of curing


   Skills:
 + Level 4.5 Fighting
 + Level 6.2 Polearms
 - Level 2.0 Throwing
 + Level 2.5 Armour
 + Level 6.2 Dodging


You had 6 spell levels left.
You didn't know any spells.
Your spell library contained the following spells:

 Spells                   Type           Power      Damage    Failure   Level
 Conjure Flame            Conj/Fire      0%         6-21      86%         3
 Gell's Gravitas          Tloc           0%         N/A       86%         3
 Ignite Poison            Fire/Tmut/Pois 0%         N/A       86%         3
 Teleport Other           Tloc           0%         N/A       86%         3
 Sticky Flame             Conj/Fire      0%         2d3       99%         4
 Dispersal                Tloc           0%         N/A       100%        6


Dungeon Overview and Level Annotations

Branches:
Dungeon (4/15)
 Temple: D:4-7

Altars:

Annotations:
D:4 Eustachio


Innate Abilities, Weirdness & Mutations

((You are very nimble when in or above water. (Stealth+, EV+, Speed+++)))
Your lower body shifts to a powerful aquatic tail in water.


Message History

Unknown command.
You puncture Eustachio!
Eustachio is severely wounded.
The rat barely misses you. The river rat misses you.
Eustachio hits you with a +7 falchion of protection.
The river rat barely misses you.
Unknown command.
You hit Eustachio.
Eustachio is severely wounded.
The rat barely misses you. The river rat bites you.
Eustachio gestures wildly while chanting.
Unknown command.
You hit Eustachio.
Eustachio is severely wounded.
The rat disappears in a puff of smoke!
The river rat disappears in a puff of smoke!
The white imp gestures at you. The puff of frost hits you.
Eustachio hits you with a +7 falchion of protection!
* * * LOW HITPOINT WARNING * * *
You barely miss Eustachio.
Eustachio is severely wounded.
The river rat misses you.
The white imp hits you but does no damage.
The white imp shouts, "Quit, thou mangled crook-pated mish-mash!"
The white imp hits you.
* * * LOW HITPOINT WARNING * * *
The white imp freezes you.
* * * LOW HITPOINT WARNING * * *
Eustachio closely misses you. The river rat bites you.
* * * LOW HITPOINT WARNING * * *
Unknown command.
You miss Eustachio.
Eustachio is severely wounded.
The white imp gestures at you. The puff of frost hits you!
* * * LOW HITPOINT WARNING * * *
The river rat completely misses you. The white imp barely misses you.
Eustachio hits you with a +7 falchion of protection.
You die...

#### ###..### ####
##......##
...####........#####
...................#
..#####.........b..#
...# ##.###...5r5.#
...## ### ####r@@r#
....## ####.# .....#
# ....## ....# ...##
...# ..## ..#


You could see Eustachio, 2 river rats, 2 white imps, a quokka (summoned) and a
bat (summoned).

Vanquished Creatures
  Sigmund (D:2)
  A sky beast (D:3)
  A scorpion (D:4)
  Crazy Yiuf (D:2)
  Natasha (thrice) (D:2)
  4 gnolls (D:3)
  2 adders (D:3)
  3 worms (D:3)
  2 dart slugs
  An orc (D:3)
  5 ball pythons
  4 endoplasms
  5 giant cockroaches
  5 goblins
  5 hobgoblins
  5 kobolds
  3 quokkas
  5 bats
  3 frilled lizards
  4 rats
63 creatures vanquished.

Notes
Turn   | Place    | Note
-------+----------+-------------------------------------------
     0 | D:1      | Demosthentine the Merfolk Gladiator began the quest for the
                  | Orb.
     0 | D:1      | Reached XP level 1. HP: 16/16 MP: 1/1
   312 | D:1      | Reached XP level 2. HP: 19/23 MP: 2/2
   996 | D:2      | Reached XP level 3. HP: 28/28 MP: 3/3
  1072 | D:2      | Noticed Sigmund
  1095 | D:2      | Killed Sigmund
  1096 | D:2      | Reached skill level 5 in Polearms
  1096 | D:2      | Reached skill level 1 in Armour
  1096 | D:2      | Reached skill level 5 in Dodging
  1096 | D:2      | Reached XP level 4. HP: 4/35 MP: 4/4
  1096 | D:2      | Reached XP level 5. HP: 4/41 MP: 5/5
  1096 | D:2      | HP: 1/41 [dart slug (3)]
  1700 | D:2      | Noticed Natasha
  1709 | D:2      | Killed Natasha
  1849 | D:2      | Found a runed translucent door.
  1850 | D:2      | Noticed Crazy Yiuf
  2099 | D:2      | Noticed Natasha
  2106 | D:2      | Killed Natasha
  2182 | D:2      | Noticed Natasha
  2198 | D:2      | Killed Natasha
  2199 | D:2      | Reached XP level 6. HP: 7/48 MP: 6/6
  2550 | D:2      | Killed Crazy Yiuf
  2981 | D:3      | Found a faded altar of an unknown god.
  3551 | D:3      | Noticed a sky beast
  3579 | D:3      | Killed a sky beast
  3580 | D:3      | Reached XP level 7. HP: 22/55 MP: 7/7
  4106 | D:4      | Found Moulykiu's Jewellery Shoppe.
  4142 | D:4      | Noticed Eustachio
  4164 | D:4      | HP: 1/55 [white imp/puff of frost[Eustachio] (9)]
  4164 | D:4      | Slain by Eustachio

Illustrated notes

Levels and vault maps discovered:
D:1:      minmay_arrival_widening_spiral_narrow, layout_loops_ring
D:2:      layout_basic, uniq_crazy_yiuf_cottage, uniq_natasha, uniq_sigmund
D:3:      layout_loops_corners, shapermc_ecumenical_altar_mp_vishouse,
          minivault_23, amcnicky_mini_rare_corridor_liquid,
          minmay_misc_feat_rugged, hangedman_decor_points,
          minmay_fractal_squares_gapless_5
D:4:      layout_cave_pods, gup_ossuary_entry_pyramid, serial_rivers,
          chequers_serial_rivers_micro_e, chequers_serial_rivers_room_a,
          chequers_serial_rivers_small_a, chequers_serial_rivers_small_b,
          chequers_serial_rivers_micro_d, minmay_shop_enchanted_jewellery,
          uniq_eustachio, uniq_duvessa, uniq_menkaure, uniq_grinder

Skill      XL: |  1  2  3  4  5  6 |
---------------+-------------------+-----
Fighting       | 3 4 |  4.5
Polearms       | 5 6 |  6.2
Armour         | 1 2 |  2.5
Dodging        | 5 6 |  6.2
Throwing       | |  2.0

Action                   |  1- 3 |  4- 6 |  7- 9 || total
-------------------------+-------+-------+-------++-------
Melee: Trident           |    78 |   136 |    44 ||   258
       Punch             |     1 |     2 |       ||     3
Throw: Throwing net      |     2 |     3 |       ||     5
  Use: Scroll            |     3 |     2 |     4 ||     9
       Potion            |     3 |       |     1 ||     4
 Stab: Sleeping          |     3 |     3 |       ||     6
       Held in net/web   |       |     1 |       ||     1
Armor: Leather armour    |    12 |    22 |    21 ||    55
Dodge: Dodged            |    33 |    68 |    37 ||   138

Table legend: (Time is in decaauts)
 A = Elapsed time spent in this place.
 B = Non-inter-level travel time spent in this place.
 C = Inter-level travel time spent in this place.
 D = Time resting spent in this place.
 E = Time spent auto-exploring this place.
 F = Levels seen in this place.
 G = Mean time per level.
                   A        B        C        D        E       F      G
               +--------+--------+--------+--------+--------+-----+--------+
         Total |   4178 |   4081 |     97 |     25 |   3471 |   4 | 1044.5 |
       Dungeon |   4178 |   4081 |     97 |     25 |   3471 |   4 | 1044.5 |
               +--------+--------+--------+--------+--------+-----+--------+

Top non-repeatable levels by time:
     D:2: 1636 daAuts
     D:3: 1466 daAuts
     D:1: 977 daAuts
     D:4: 98 daAuts
